 Dungeon Crawl Stone Soup version 0.29.1-2-gbd0b4ee654 (webtiles) character file.

Game seed: 9940416507270926291

254 mortz the Magician (level 6, -3/32 HPs)
             Began as a Kobold Earth Elementalist on Oct 26, 2022.
             Slain by a kobold brigand
             ... wielding a +3 dagger of speed
              (6 damage)
             ... on level 3 of the Dungeon.
             The game lasted 00:15:46 (3852 turns).

mortz the Magician (Kobold Earth Elementalist)      Turns: 3852, Time: 00:15:47

Health: -3/32      AC:  3    Str: 11    XL:     6   Next: 37%
Magic:  12/12      EV: 15    Int: 18    God:
Gold:   132        SH:  0    Dex: 16    Spells: 10/13 levels left

rFire   . . .      SeeInvis .   t - +1 dagger (flame)
rCold   . . .      Faith    .   (no shield)
rNeg    . . .      Spirit   .   a - +0 robe
rPois   .          Reflect  .   w - +0 helmet
rElec   .          Harm     .   (no cloak)
rCorr   .          Rampage  .   (no gloves)
Will    .....                   (no boots)
Stlth   ++........              (no amulet)
HPRegen 0.10/turn               c - +6 ring of strength
MPRegen 0.13/turn               (no ring)

@: confused, lethally poisoned (-3 -> -46), ambrosia-drunk, slowed, very slow
A: small, no large weapons, nightstalker 3
a: no special abilities


You were on level 3 of the Dungeon.
You visited 1 branch of the dungeon, and saw 3 of its levels.

You collected 132 gold pieces.

Inventory:

Hand Weapons
 f - a +0 falchion of holy wrath
 g - a +0 short sword of draining
 i - a +0 hand axe
 k - a +0 dagger
 r - a +0 war axe
 t - a +1 dagger of flaming (weapon)
Armour
 a - a +0 robe (worn)
 s - a +0 leather armour
 u - an orb of energy
 w - a +0 helmet (worn)
Jewellery
 c - a +6 ring of strength (left hand)
Scrolls
 h - 2 scrolls of poison
 l - a scroll of silence
 n - 4 scrolls of teleportation
Potions
 b - a potion of magic
 d - 3 potions of flight
 j - 2 potions of resistance
 m - a potion of ambrosia
 o - a potion of brilliance {unknown}
 p - a potion of haste {unknown}
 q - a potion of mutation {unknown}


   Skills:
 + Level 0.6 Short Blades
 + Level 2.9 Dodging
 + Level 3.6 Stealth
 + Level 4.4 Spellcasting
 * Level 2.6 Transmutations
 + Level 4.0 Earth Magic


You had 10 spell levels left.
You knew the following spells:

 Your Spells              Type           Power      Damage    Failure   Level
a - Sandblast             Erth           36%        2d10      2%          1
p - Passwall              Tmut/Erth      12%        N/A       5%          2

Your spell library contained the following spells:

 Spells                   Type           Power      Damage    Failure   Level
 Beastly Appendage        Tmut           26%        N/A       4%          1
 Wereblood                Tmut           13%        N/A       8%          2
 Stone Arrow              Conj/Erth      22%        3d8       19%         3
 Spider Form              Tmut/Pois      8%         N/A       24%         3
 Petrify                  Tmut/Erth      15%        N/A       34%         4
 Gell's Gravitas          Tloc           4%         N/A       38%         3
 Teleport Other           Tloc           4%         N/A       38%         3
 Metabolic Englaciation   Hex/Ice        2%         N/A       98%         5
 Statue Form              Tmut/Erth      10%        N/A       99%         6
 Dispersal                Tloc           2%         N/A       100%        6


Dungeon Overview and Level Annotations

Branches:
Dungeon (3/15) Zot: 14077

Altars:
Fedhas


Innate Abilities, Weirdness & Mutations

You are small and have problems with some larger weapons.
You are completely attuned to the shadows.


Message History

You kill the kobold!
A kobold brigand comes into view.
It is wielding a +3 dagger of speed and quivering curare-tipped darts.
A kobold brigand comes into view.
It is wielding a +2 dagger of venom and quivering poisoned darts.
The blast of sand hits the kobold brigand!
The kobold brigand is moderately wounded.
The kobold brigand shouts! x2
The blast of sand hits the kobold brigand!
The kobold brigand is heavily wounded.
The kobold brigand throws a curare-tipped dart.
The curare-tipped dart completely misses you.
The blast of sand misses the kobold brigand. x2
The kobold brigand hits you with a +2 dagger of venom!
You are poisoned.
The kobold brigand misses you. The kobold brigand closely misses you.
The kobold brigand attacks as you move away!
The kobold brigand hits you with a +3 dagger of speed.
You feel very sick.
The kobold brigand throws a curare-tipped dart.
The curare-tipped dart hits you.
You are lethally poisoned!
You have difficulty breathing.
You feel yourself slow down.
It was a potion of ambrosia.
You are confused.
You feel invigorated.
* * * LOW HITPOINT WARNING * * *
You feel extremely sick.
The kobold brigand hits you with a +2 dagger of venom.
* * * LOW HITPOINT WARNING * * *
You are more poisoned.
The kobold brigand hits you with a +3 dagger of speed.
* * * LOW HITPOINT WARNING * * *
It was a potion of heal wounds.
You feel much better.
You feel extremely sick.
The kobold brigand hits you with a +2 dagger of venom!
You are more poisoned.
The kobold brigand hits you with a +3 dagger of speed!
* * * LOW HITPOINT WARNING * * *
The kobold brigand barely misses you.
The kobold brigand hits you with a +3 dagger of speed.
You die...

#...#......######
#...#.###.## ##...#[###.#
.....)...).# ........##~~~#
........~~~~~~~
.#...#.~~≈~≈~≈~######.
......####≈~≈###.K..).
.#.......#####..@K.).#
###.............######≈##
..#.#####.....###~~~~~≈≈~###
....# #.#######
#.#~~~~~~~~###### #...# #.#
#.##~~~~~.<...... #...###>#
#.##...###.###### ...[..#.#
#..........# #
...##(#.############...#####
# o......#..........<...## #


You could see 2 kobold brigands.

Vanquished Creatures
  An orc priest (D:3)
  An iguana (D:3)
  Terence (D:2)
  Robin (D:2)
  5 gnolls
  3 adders (D:2)
  2 dart slugs (D:1)
  5 orcs (D:3)
  3 endoplasms
  A giant cockroach (D:2)
  11 goblins
  10 hobgoblins
  5 jackals
  14 kobolds
  3 quokkas
  4 ball pythons
  5 bats
  2 frilled lizards
  3 rats
80 creatures vanquished.

Notes
Turn   | Place    | Note
-------+----------+-------------------------------------------
     0 | D:1      | mortz the Kobold Earth Elementalist began the quest for the
                  | Orb.
     0 | D:1      | Reached XP level 1. HP: 10/10 MP: 3/3
   186 | D:1      | Reached XP level 2. HP: 15/15 MP: 0/5
   189 | D:1      | Learned a level 2 spell: Passwall
   608 | D:1      | Reached XP level 3. HP: 12/18 MP: 4/7
  1338 | D:2      | Reached XP level 4. HP: 24/24 MP: 5/8
  1556 | D:2      | Noticed Terence
  1562 | D:2      | Killed Terence
  1864 | D:2      | Reached XP level 5. HP: 28/28 MP: 7/10
  1896 | D:2      | Noticed Robin
  1916 | D:2      | Killed Robin
  3439 | D:3      | Found a blossoming altar of Fedhas.
  3486 | D:3      | Reached XP level 6. HP: 32/32 MP: 7/12
  3851 | D:3      | HP: 1/32 [kobold brigand/+3 dagger of speed (6)]
  3852 | D:3      | Slain by a kobold brigand

Illustrated notes

Levels and vault maps discovered:
D:1:      dpeg_arrival_fog, layout_rooms
D:2:      minmay_spotlight, layout_basic, uniq_terence, uniq_robin
D:3:      cheibrodos_thug_alley, layout_loops_ring, mainiacjoe_overflow_catwalk,
          kennysheep_generic_room_8

Skill      XL: |  1  2  3  4  5 |
---------------+----------------+-----
Stealth        | 3 |  3.6
Spellcasting   | 3 4 |  4.4
Transmutations | 2 |  2.6
Earth Magic    | 4 |  4.0
Short Blades   | |  0.6
Dodging        | |  2.9

Action                   |  1- 3 |  4- 6 || total
-------------------------+-------+-------++-------
Melee: Unarmed           |     2 |       ||     2
       Falchion          |     6 |       ||     6
       Short sword       |     7 |     9 ||    16
 Cast: Sandblast         |    40 |    90 ||   130
  Use: Scroll            |     4 |     4 ||     8
       Potion            |       |     2 ||     2
 Stab: Sleeping          |     7 |     5 ||    12
Armor: Robe              |     4 |     3 ||     7
Dodge: Dodged            |    49 |    25 ||    74
